 Dungeon Crawl Stone Soup version 0.28-a0-653-g7e9dba17c3 (webtiles) character file.

Game seed: 17852274709275083432

230220 Johnny the Warrior (level 18, -2/178 HPs)
             Began as a Yellow Draconian Ice Elementalist on Oct 12, 2021.
             Was a High Priest of Sif Muna.
             Slain by a merfolk impaler (6 damage)
             ... while petrified
             ... on level 3 of the Shoals.
             The game lasted 01:06:27 (49084 turns).

Johnny the Warrior (DrIE)                          Turns: 49084, Time: 01:06:28

Health: -2/178     AC: 18    Str: 16    XL:     18   Next: 75%
Magic:  39/39      EV:  2    Int: 41    God:    Sif Muna [*****.]
Gold:   364        SH:  0    Dex: 17    Spells: 19/51 levels left

rFire   . . .      SeeInvis .   B - staff of cold
rCold   + + .      Faith    .   P - +0 buckler
rNeg    + + +      Spirit   .   (armour unavailable)
rPois   ∞          Reflect  .   (helmet restricted)
rElec   .          Harm     .   p - +0 cloak "Nijiumn" {Regen+ Int+7 Slay+3 Stlth-}
rCorr   +          Rampage  +   N - +3 pair of gloves "Setihum" {Int+3 Dex+3}
Will    +....                   K - +2 pair of boots {rampage}
Stlth   +.........              X - amulet of the Gastropod {RegenMP Int+2}
HPRegen 1.39/turn               m - ring of the Priest {Fly rC+ Str+5 Dex+2}
MPRegen 0.51/turn               Q - +6 ring of intelligence

@: petrified, marked, spiked, unable to drink, flying, mesmerised, held,
studying Throwing
A: no potions, spit acid, AC +10, unfitting armour, acidic bite, cold-blooded,
acid resistance
}: 1/15 runes: serpentine
a: Breathe Acid, Renounce Religion, Channel Magic, Forget Spell, Divine Exegesis


You were on level 3 of the Shoals.
You worshipped Sif Muna.
Sif Muna was extremely pleased with you.
You visited 7 branches of the dungeon, and saw 34 of its levels.
You visited the Abyss 1 time.
You also visited: Gauntlet.

You collected 2932 gold pieces.
You spent 2568 gold pieces at shops.

Inventory:

Missiles
 J - 11 throwing nets
Armour
 j - a +1 tower shield of protection
 p - the +0 cloak "Nijiumn" (worn) {Regen+ Int+7 Slay+3 Stlth-}
   (You found it in a Gauntlet)

   Int:       It affects your intelligence (+7).
   Slay:      It affects your accuracy & damage with ranged weapons and melee
   (+3).
   Regen:     It increases your rate of health regeneration.
   Stlth:     It makes you less stealthy.
 K - a +2 pair of boots of rampaging (worn)
 N - the +3 pair of gloves "Setihum" (worn) {Int+3 Dex+3}
   (You acquired it on level 11 of the Dungeon)

   Int:       It affects your intelligence (+3).
   Dex:       It affects your dexterity (+3).
 P - a +0 buckler (worn)
Magical Staves
 B - a staff of cold (weapon)
Jewellery
 m - the ring of the Priest (left hand) {Fly rC+ Str+5 Dex+2}
   (You took it off a deep elf high priest on level 3 of the Elven Halls)

   [ring of flight]

   Str:       It affects your strength (+5).
   Dex:       It affects your dexterity (+2).
   rC:        It protects you from cold.
   Fly:       It grants you flight.
 r - the ring of Equilibrium {rF+ rN+ Int+3 Dex+2 Stlth-}
   (You acquired it on level 3 of the Snake Pit)

   [ring of positive energy]

   Int:       It affects your intelligence (+3).
   Dex:       It affects your dexterity (+2).
   rF:        It protects you from fire.
   rN:        It protects you from negative energy.
   Stlth:     It makes you less stealthy.
 y - the amulet of Ipnec {Harm Regen+ Slay+2}
   (You acquired it on level 3 of the Snake Pit)

   [amulet of regeneration]

   Slay:      It affects your accuracy & damage with ranged weapons and melee
   (+2).
   Regen:     It increases your rate of health regeneration.
   Harm:      It increases damage dealt and taken.
 z - a ring of poison resistance
 Q - a +6 ring of intelligence (right hand)
 W - a +6 ring of strength
 X - the amulet of the Gastropod (around neck) {RegenMP Int+2}
   (You took it off a deep elf sorcerer on level 3 of the Elven Halls)

   [amulet of magic regeneration]

   It increases your rate of magic regeneration.
   Int:       It affects your intelligence (+2).
 Z - the amulet "Ynakkuj" {Reflect Will++ SH+5}
   (You found it in a Gauntlet)

   [amulet of reflection]

   It reflects blocked missile attacks.
   SH:        It affects your SH (+5).
   Will:      It greatly increases your willpower.
Wands
 E - a wand of flame (40)
 H - a wand of acid (7)
 R - a wand of digging (6)
Scrolls
 c - 2 scrolls of noise
 d - 6 scrolls of immolation
 g - 11 scrolls of teleportation
 k - 6 scrolls of enchant armour
 l - 2 scrolls of identify
 n - a scroll of enchant weapon
 o - 3 scrolls of silence
 t - 8 scrolls of magic mapping
 u - 6 scrolls of fog
 w - 2 scrolls of holy word
 G - 5 scrolls of blinking
 I - 12 scrolls of fear
 L - 5 scrolls of amnesia
 V - a scroll of brand weapon
Potions
 a - 4 potions of mutation
 e - 13 potions of curing
 f - 6 potions of attraction
 h - 3 potions of magic
 q - 4 potions of heal wounds
 s - 3 potions of degeneration
 v - 8 potions of flight
 x - 7 potions of lignification
 C - 5 potions of cancellation
 D - 2 potions of resistance
 F - 3 potions of brilliance
 O - 4 potions of invisibility
 S - a potion of might
 T - a potion of ambrosia
 U - 3 potions of berserk rage
 Y - a potion of haste {unknown}
Miscellaneous
 b - a box of beasts
 i - a lightning rod (4/4)
 A - a tin of tremorstones (2/2)
 M - a phantom mirror


   Skills:
 - Level 20.0 Fighting
 - Level 1.7 Dodging
 - Level 1.7 Stealth
 * Level 10.1 Shields
 + Level 17.3 Spellcasting
 - Level 18.9 Ice Magic
 - Level 10.9 Invocations


You had 19 spell levels left.
You knew the following spells:

 Your Spells              Type           Power      Damage    Failure   Level
a - Freeze                Ice            100%       1d11      0%          1
b - Frozen Ramparts       Ice            100%       1d12      0%          3
c - Ozocubu's Armour      Ice            100%       N/A       0%          3
d - Freezing Cloud        Conj/Ice/Air   46%        6-21      1%          5
e - Ozocubu's Refrigerat  Ice            68%        4d18      1%          7
f - Hailstorm             Conj/Ice       100%       3d20      1%          4
g - Polar Vortex          Ice            68%        N/A       32%         9

Your spell library contained the following spells:

 Spells                   Type           Power      Damage    Failure   Level
 Animate Skeleton         Necr           70%        N/A       1%          1
 Apportation              Tloc           70%        N/A       1%          1
 Beastly Appendage        Tmut           70%        N/A       1%          1
 Pain                     Necr           100%       1d9       1%          1
 Summon Small Mammal      Summ           100%       N/A       1%          1
 Corpse Rot               Necr/Air       N/A        N/A       1%          2
 Ensorcelled Hibernation  Hex/Ice        100%       N/A       1%          2
 Scorch                   Fire           70%        2d9       1%          2
 Static Discharge         Conj/Air       35%        N/A       1%          2
 Sublimation of Blood     Necr           17%        N/A       1%          2
 Wereblood                Tmut           35%        N/A       1%          2
 Ice Form                 Ice/Tmut       100%       N/A       1%          4
 Summon Ice Beast         Ice/Summ       100%       N/A       1%          4
 Metabolic Englaciation   Hex/Ice        53%        N/A       1%          5
 Dazzling Flash           Conj/Hex       70%        N/A       2%          3
 Ignite Poison            Fire/Tmut/Pois 35%        N/A       2%          3
 Inner Flame              Hex/Fire       35%        N/A       2%          3
 Spider Form              Tmut/Pois      17%        N/A       2%          3
 Swiftness                Air            35%        N/A       2%          3
 Tukima's Dance           Hex            35%        N/A       2%          3
 Vampiric Draining        Necr           17%        2d8       2%          3
 Simulacrum               Ice/Necr       53%        N/A       2%          6
 Cause Fear               Hex            17%        N/A       8%          4
 Dispel Undead            Necr           35%        3d15      8%          4
 Flame Wave               Conj/Fire      35%        3d8       8%          4
 Iskenderun's Mystic Bla  Conj/Tloc      35%        2d8       8%          4
 Summon Lightning Spire   Summ/Air       35%        N/A       8%          4
 Alistair's Intoxication  Tmut/Pois      23%        N/A       22%         5
 Blade Hands              Tmut           17%        N/A       22%         5
 Borgnjor's Vile Clutch   Necr/Erth      17%        N/A       22%         5
 Iskenderun's Battlesphe  Conj           35%        2d9       22%         5
 Lee's Rapid Deconstruct  Erth           17%        3d12*     22%         5
 Lightning Bolt           Conj/Air       17%        1d32      22%         5
 Silence                  Hex/Air        17%        N/A       22%         5
 Summon Forest            Summ/Tloc      17%        N/A       22%         5
 Summon Mana Viper        Hex/Summ       35%        N/A       22%         5
 Conjure Ball Lightning   Conj/Air       17%        3x3d6     75%         6
 Death Channel            Necr           17%        N/A       75%         6
 Dispersal                Tloc           17%        N/A       75%         6
 Eringya's Noxious Bog    Tmut/Pois      17%        N/A       75%         6
 Iron Shot                Conj/Erth      17%        9d4       75%         6
 Starburst                Conj/Fire      17%        6d6       75%         6
 Summon Cactus Giant      Summ           17%        N/A       75%         6
 Haunt                    Necr/Summ      17%        N/A       100%        7
 Spellforged Servitor     Conj/Summ      17%        N/A       100%        7
 Storm Form               Tmut/Air       17%        N/A       100%        7
 Summon Hydra             Summ           17%        N/A       100%        7
 Discord                  Hex            17%        N/A       100%        8
 Disjunction              Tloc           17%        N/A       100%        8
 Lehudib's Crystal Spear  Conj/Erth      17%        10d5      100%        8
 Maxwell's Capacitive Co  Air            17%        ∞         100%        8
 Necromutation            Tmut/Necr      17%        N/A       100%        8
 Animate Armour           Summ/Erth      Unusable   N/A       N/A         4

Dungeon Overview and Level Annotations

Branches:
Dungeon (15/15)            Temple (1/1) D:5            Lair (6/6) D:8
 Shoals (3/4) Lair:2        Snake (4/4) Lair:2        Slime (0/5) Lair:6
    Orc (2/2) D:9             Elf (3/3) Orc:2        Vaults (0/5) D:14
Gauntlet (visited)
 Depths: D:15

Altars:
Ashenzari
Cheibriados
Dithmenos
Elyvilon
Fedhas
Gozag
Hepliaklqana
Kikubaaqudgha
Makhleb
Nemelex Xobeh
Okawaru
Qazlal
Ru
Sif Muna
Trog
Wu Jian
Xom
Yredelemnul
Zin
The Shining One
Jiyva
Lugonu

Shops:
Orc:2 ::[(   Elf:3 *   Shoals:1 =   Shoals:2 :   Snake:3 ?*   Snake:4 (

Portals:
Abyss: Orc:2 Snake:3

Annotations:
D:4 1 transporter, skelma's ghost, amateur DsSu
D:12 exclusion: ice statue
Lair:6 1 runed translucent door
Shoals:3 Ilsuiw; Polyphemus
Snake:1 1 runed translucent door, Coylif's ghost, adept DECj
Snake:2 1 runed translucent door, Mennap's ghost, adept DjVM
Elf:2 Roxanne


Innate Abilities, Weirdness & Mutations

You cannot drink.
You can spit globs of acid.
Your golden yellow scales are hard. (AC +10)
You cannot fit into any form of body armour.
You have acidic saliva.
You are cold-blooded and may be slowed by cold attacks.
You are resistant to acid. (rCorr)


Message History

The merfolk hits you from afar with a +0 trident.
* * * LOW HITPOINT WARNING * * *
A water elemental comes into view. x2
The snapping turtle bites you from afar!
* * * LOW HITPOINT WARNING * * *
The merfolk impaler barely misses you.
The manticore flicks its tail.
The volley of spikes hits you!
The barbed spikes become lodged in your body.
* * * LOW HITPOINT WARNING * * *
Something hits you but does no damage.
The merfolk javelineer throws a silver javelin.
The silver javelin pierces through you but does no damage.
You feel less invigorated.
A wind drake comes into view.
The merfolk impaler hits you but does no damage.
The merfolk hits you from afar with a +0 trident!
* * * LOW HITPOINT WARNING * * *
A sea snake comes into view.
The manticore flicks its tail.
The volley of spikes hits you but does no damage.
The snapping turtle bites you from afar!
* * * LOW HITPOINT WARNING * * *
You hear some strange, mumbled words.
The merfolk javelineer throws a silver javelin.
The silver javelin pierces through you!
* * * LOW HITPOINT WARNING * * *
x2 The merfolk hits you from afar with a +0 trident!
* * * LOW HITPOINT WARNING * * *
The water elemental disappears in a puff of smoke!
The merfolk avatar chants its luring song.
The merfolk impaler hits you but does no damage.
The snapping turtle bites you from afar!
* * * LOW HITPOINT WARNING * * *
The manticore flicks its tail.
The volley of spikes hits you!!
The barbed spikes become lodged in your body.
* * * LOW HITPOINT WARNING * * *
The merfolk impaler hits you from afar with a +0 trident!
You die...

.....## ..†≈≈≈≈≈≈...
≈≈≈≈..#### ..≈≈≈≈≈≈≈≈..#
≈≈≈≈^....# #.≈≈≈≈≈≈≈≈≈k.
≈≈≈≈≈≈≈..# #.≈≈≈≈≈≈≈≈≈≈.
≈≈≈≈≈≈≈^.###.≈≈≈≈≈≈≈≈≈≈≈
≈≈≈≈≈≈≈.....≈≈≈≈!≈≈mE≈≈≈
≈≈≈≈≈≈≈≈≈≈≈≈≈≈...Yt≈≈≈≈≈
≈≈≈≈≈≈≈.≈≈≈≈≈≈.:C.mS≈≈≈≈
≈≈≈≈≈≈≈≈.≈≈≈≈≈..@.m.E...
≈≈≈≈≈≈≈≈≈≈≈≈≈..E§)m..E..
≈≈≈≈≈≈≈≈≈≈≈≈≈.EH{mmmm...
≈≈≈≈≈≈≈≈≈≈≈≈≈.(HHmm.≈≈#
≈≈≈≈≈≈≈≈≈≈≈≈≈≈))E..H..#
≈≈≈≈≈≈≈≈≈..).....
≈≈≈≈≈≈≈≈........
≈≈≈≈≈≈≈......[.


You could see Polyphemus, a merfolk avatar (mesmerising), 2 merfolk impalers, 4
merfolk javelineers, a death yak, a sea snake, a snapping turtle, a wind drake
(repels missiles), 3 merfolk, 4 manticores and 6 water elementals.

Vanquished Creatures
  Mara (Elf:3)
  Jorgrun (Snake:1)
  Rupert (Snake:1)
  4 deep elf master archers (Elf:3)
  3 deep elf blademasters (Elf:3)
  2 tentacled starspawn (Snake:3)
  2 krakens (Shoals:2)
  The ghost of Yptair the Warrior, an adept MiFi of Qazlal (Snake:3)
  Donald (Snake:4)
  7 nagarajas
  Louise (Shoals:3)
  An orc warlord (Orc:2)
  Aizul (Snake:1)
  8 deep elf sorcerers (Elf:3)
  4 deep elf elementalists (Elf:3)
  A deep elf demonologist (Elf:1)
  A minotaur (Gauntlet)
  5 deep elf annihilators (Elf:3)
  Snorg (D:13)
  5 deep elf death magi (Elf:3)
  7 merfolk impalers
  3 deep elf high priests (Elf:3)
  2 merfolk javelineers
  A great orb of eyes (Snake:3)
  Josephine (Snake:1)
  13 naga warriors
  3 vault guards (D:14)
  A rakshasa (D:13)
  An ogre mage (D:14)
  Harold (D:9)
  7 hydras
  A merfolk avatar (Shoals:2)
  An alligator snapping turtle (Shoals:2)
  A salamander tyrant (Snake:4)
  A boulder beetle (D:12)
  4 catoblepae
  2 merfolk aquamancers
  A tengu warrior (D:13)
  4 two-headed ogres
  A death knight (D:14)
  4 anacondas
  A centaur warrior (D:13)
  5 dancing weapons
  3 death yaks (Shoals:3)
  A satyr (Shoals:3)
  An orc high priest (Orc:2)
  Urug (Lair:3)
  19 naga sharpshooters
  A satyr (shapeshifter) (D:13)
  4 shock serpents
  3 thrashing horrors
  2 salamander mystics
  10 deep elf knights
  7 skeletal warriors
  11 sea snakes
  12 deep elf archers
  A harpy (shapeshifter) (D:15)
  5 naga ritualists
  2 wizards
  2 lindwurms (Lair:6)
  9 mana vipers
  22 deep elf zephyrmancers
  An orc knight (D:14)
  7 orc sorcerers
  19 deep elf pyromancers
  4 harpies (Shoals:1)
  5 fauns
  5 cyclopes
  11 salamanders
  6 ugly things
  17 elephants
  11 manticores
  A moth of wrath (Gauntlet)
  A worldbinder (D:9)
  6 merfolk sirens
  A centaur zombie (D:11)
  Maurice (D:9)
  2 guardian serpents
  A water nymph (Shoals:3)
  An apocalypse crab (Snake:3)
  28 black mambas
  13 naga magi
  2 torpor snails (Lair:6)
  11 cane toads
  2 kobold demonologists
  A freezing wraith (D:14)
  6 komodo dragons
  An unseen horror (D:12)
  An efreet (D:13)
  6 rime drakes
  2 tengu conjurers
  3 meliai (D:14)
  6 trolls
  17 merfolk
  A hornet (shapeshifter) (Elf:1)
  A polar bear (Lair:4)
  4 wind drakes (Shoals:2)
  Grinder (D:5)
  A raiju (Snake:3)
  19 blink frogs
  Prince Ribbit (D:7)
  16 slime creatures
  4 small abominations (Gauntlet)
  10 dream sheep
  7 snapping turtles
  17 flying skulls (D:12)
  2 basilisks (Lair:6)
  An air elemental (Elf:1)
  9 water elementals
  A shadow (D:12)
  A large abomination (Snake:3)
  7 wyverns
  6 wraiths
  23 yaks
  A fire elemental (Elf:3)
  Grum (Lair:1)
  11 vampire mosquitoes (D:11)
  A wyvern (shapeshifter) (Elf:3)
  A steam dragon (D:7)
  2 swamp worms (Gauntlet)
  3 wargs
  33 nagas
  11 water moccasins
  Duvessa (D:7)
  An ice beast (D:7)
  2 sky beasts
  3 black bears
  4 ogres
  17 orc warriors
  3 necrophages
  12 wolves
  A phantom (D:7)
  10 centaurs
  13 bullfrogs
  A kobold brigand (D:9)
  A gnoll sergeant (D:13)
  4 scorpions
  An earth elemental (Elf:1)
  3 wyvern skeletons
  A water moccasin zombie (D:5)
  Dowan (D:7)
  4 killer bees (D:9)
  3 wights (D:10)
  8 electric eels
  7 hounds
  A bullfrog zombie (D:6)
  2 centaur skeletons
  2 jellies
  Crazy Yiuf (D:5)
  2 gnoll shamans
  23 orc priests
  2 iguanas (D:6)
  27 orc wizards
  2 killer bee zombies
  6 adders
  A howler monkey skeleton (D:7)
  18 gnolls
  A white imp (D:8)
  An ufetubus (D:4)
  An adder skeleton (D:4)
  3 worms (D:2)
  A dart slug (D:2)
  56 orcs
  6 bats
  6 endoplasms
  7 giant cockroaches
  3 goblins
  10 hobgoblins
  6 jackals
  4 quokkas
  11 ball pythons
  6 frilled lizards
  9 kobolds
  5 rats
  3 starspawn tentacles (Snake:3)
  5 tentacles (Shoals:2)
960 creatures vanquished.

Vanquished Creatures (collateral kills)
  A vault guard (D:14)
  A human (D:14)
  An orc (Orc:2)
3 creatures vanquished.

Vanquished Creatures (others)
  A deep elf knight (Elf:1)
  A tengu conjurer (D:13)
  A human (D:14)
  An ogre (D:7)
  2 bushes (Lair:6)
  21 fungi
  A lurking horror (Orc:2)
  93 plants
  3 starspawn tentacles (Snake:3)
  3 tentacles (Shoals:2)
  14 withered plants (Gauntlet)
141 creatures vanquished.

Grand Total: 1104 creatures vanquished

Notes
Turn   | Place    | Note
-------+----------+-------------------------------------------
     0 | D:1      | Johnny the Draconian Ice Elementalist began the quest for
                  | the Orb.
     0 | D:1      | Reached XP level 1. HP: 14/14 MP: 3/3
   182 | D:1      | Reached skill level 1 in Fighting
   182 | D:1      | Reached XP level 2. HP: 12/23 MP: 5/5
   997 | D:1      | Reached XP level 3. HP: 28/28 MP: 6/6
  1024 | D:1      | Found a faded altar of an unknown god.
  1255 | D:1      | Learned a level 3 spell: Frozen Ramparts
  1259 | D:1      | Learned a level 3 spell: Ozocubu's Armour
  1303 | D:2      | Found an iron altar of Okawaru.
  1308 | D:2      | Found a sacrificial altar of Ru.
  2050 | D:2      | You fall into a shaft and drop 1 floor!
  2236 | D:2      | Reached skill level 2 in Fighting
  2419 | D:2      | Reached XP level 4. HP: 30/36 MP: 5/8
  3356 | D:4      | Reached XP level 5. HP: 41/42 MP: 9/9
  3432 | D:4      | Noticed a necrophage
  3458 | D:4      | Killed a necrophage
  3459 | D:4      | Reached skill level 3 in Fighting
  3459 | D:4      | Reached skill level 5 in Ice Magic
  3835 | D:4      | Noticed an ogre
  3836 | D:4      | Noticed skelma's ghost (amateur DsSu)
  3840 | D:4      | Found a transporter.
  3840 | D:4      | Noticed an ogre
  3935 | D:4      | Noticed a necrophage
  3937 | D:4      | Reached XP level 6. HP: 42/51 MP: 7/11
  3989 | D:4      | Reached skill level 4 in Fighting
  4312 | D:4      | Your scales start taking on a golden yellow colour.
  4312 | D:4      | Reached XP level 7. HP: 55/60 MP: 6/13
  4312 | D:4      | Gained mutation: You are resistant to acid. (rCorr) [Yellow
                  | Draconian growth]
  4412 | D:5      | Entered Level 5 of the Dungeon
  4412 | D:5      | Found a staircase to the Ecumenical Temple.
  4455 | D:5      | Reached skill level 5 in Fighting
  4540 | Temple   | Entered the Ecumenical Temple
  4799 | Temple   | Became a worshipper of Sif Muna the Loreminder
  4981 | D:5      | Reached skill level 5 in Spellcasting
  5135 | D:5      | Reached XP level 8. HP: 66/69 MP: 15/15
  5142 | D:5      | Learned a level 4 spell: Hailstorm
  5201 | D:5      | Reached skill level 6 in Fighting
  5506 | D:5      | Noticed Grinder
  5527 | D:5      | Killed Grinder
  5567 | D:5      | Got the Papyrus of Dark Arts
  5924 | D:5      | Found a runed translucent door.
  5925 | D:5      | Noticed Crazy Yiuf
  6035 | D:5      | Killed Crazy Yiuf
  6039 | D:5      | Identified the +1 mace "Pahavvon" {holy, rPois}
  6204 | D:6      | Reached * piety under Sif Muna
  6207 | D:6      | Reached skill level 7 in Fighting
  6560 | D:6      | Reached XP level 9. HP: 61/79 MP: 11/18
  7183 | D:7      | Reached skill level 8 in Fighting
  7662 | D:7      | Noticed Dowan
  8120 | D:7      | Noticed Prince Ribbit
  8133 | D:7      | Killed Prince Ribbit
  8354 | D:7      | Noticed Duvessa
  8366 | D:7      | Killed Dowan
  8366 | D:7      | Reached ** piety under Sif Muna
  8370 | D:7      | Killed Duvessa
  8743 | D:8      | Noticed a troll
  8750 | D:8      | Killed a troll
  8751 | D:8      | Reached skill level 9 in Fighting
  8751 | D:8      | Reached XP level 10. HP: 69/91 MP: 11/21
  9117 | D:8      | Found a staircase to the Lair.
 10622 | D:9      | Noticed Harold
 10633 | D:9      | Killed Harold
 10645 | D:9      | Reached *** piety under Sif Muna
 10757 | D:9      | Found a staircase to the Orcish Mines.
 10811 | D:9      | Noticed a wizard
 10830 | D:9      | Cast into level 2 of the Abyss (a wizard)
 10830 | Abyss:2  | Found a corrupted altar of Lugonu.
 10901 | Abyss:2  | Noticed a worldbinder
 10909 | Abyss:2  | Noticed a smoke demon
 10944 | Abyss:2  | Noticed a worldbinder
 10949 | Abyss:2  | Noticed a bog body
 10949 | Abyss:2  | Noticed a bog body
 10949 | Abyss:2  | Noticed a goliath frog
 10955 | D:9      | Escaped the Abyss
 10958 | D:9      | Noticed a bog body
 11276 | Lair:1   | Entered Level 1 of the Lair of Beasts
 11293 | Lair:1   | Reached skill level 10 in Ice Magic
 11325 | Lair:1   | Reached skill level 10 in Fighting
 11630 | Lair:1   | Noticed Grum
 11641 | Lair:1   | Killed Grum
 11745 | Lair:1   | Noticed a cane toad
 11753 | Lair:1   | Killed a cane toad
 12143 | Lair:1   | Noticed a four-headed hydra
 12153 | Lair:1   | Killed a four-headed hydra
 12154 | Lair:1   | Reached XP level 11. HP: 52/101 MP: 11/24
 12668 | Lair:1   | Reached skill level 11 in Fighting
 13613 | Lair:2   | Found a staircase to the Snake Pit.
 13976 | Lair:2   | Found a staircase to the Shoals.
 14059 | Lair:2   | Reached skill level 10 in Spellcasting
 14607 | Lair:3   | Noticed an eight-headed hydra
 14614 | Lair:3   | Killed an eight-headed hydra
 15091 | Lair:3   | Reached skill level 12 in Fighting
 15092 | Lair:3   | Reached **** piety under Sif Muna
 15446 | Lair:3   | Noticed Urug
 15494 | Lair:3   | Killed Urug
 16530 | Lair:4   | Reached XP level 12. HP: 102/113 MP: 4/26
 17629 | Lair:5   | Noticed a seven-headed hydra
 17638 | Lair:5   | Killed a seven-headed hydra
 17780 | Lair:5   | Noticed a seven-headed hydra
 17794 | Lair:5   | Killed a seven-headed hydra
 18018 | Lair:5   | Noticed a five-headed hydra
 18026 | Lair:5   | Killed a five-headed hydra
 18027 | Lair:5   | Reached skill level 13 in Fighting
 19530 | Lair:6   | Entered Level 6 of the Lair of Beasts
 19718 | Lair:6   | Reached ***** piety under Sif Muna
 19950 | Lair:6   | Reached XP level 13. HP: 89/123 MP: 3/29
 19975 | Lair:6   | Reached skill level 14 in Fighting
 20568 | Lair:6   | Received a gift from Sif Muna
 20751 | Lair:6   | Found a runed translucent door.
 20753 | Lair:6   | Found a viscous altar of Jiyva.
 20753 | Lair:6   | Found a staircase to the Slime Pits.
 20753 | Lair:6   | Noticed an acid blob
 22240 | Lair:6   | Identified the +7 longbow of Impatience {flame, rPois
                  | Int+3}
 22641 | Orc:1    | Entered Level 1 of the Orcish Mines
 22859 | Orc:2    | Entered Level 2 of the Orcish Mines
 22943 | Orc:2    | Found a staircase to the Elven Halls.
 22943 | Orc:2    | Noticed an orc warlord
 22963 | Orc:2    | Killed an orc warlord
 22963 | Orc:2    | Received a gift from Sif Muna
 23176 | Orc:2    | Reached skill level 15 in Fighting
 23678 | Orc:2    | Reached skill level 1 in Invocations
 23859 | Orc:2    | Paralysed by an orc sorcerer for 4 turns
 23895 | Orc:2    | Found Naulen's Weapon Boutique.
 23895 | Orc:2    | Found Xututriwa's Book Shop.
 23895 | Orc:2    | Found Laneihiu's Antique Armour Boutique.
 23900 | Orc:2    | Found Hiuni's Book Shop.
 24230 | Orc:2    | Found a one-way gate to the infinite horrors of the Abyss.
 24514 | Orc:2    | Found a corrupted altar of Lugonu.
 26220 | D:9      | Noticed Maurice
 26232 | D:9      | Killed Maurice
 26539 | D:9      | Found a glowing golden altar of the Shining One.
 26597 | D:10     | Entered Level 10 of the Dungeon
 27038 | D:10     | Found a sparkling altar of Nemelex Xobeh.
 27128 | D:10     | Received a gift from Sif Muna
 27172 | D:10     | Got Sif Muna's Volume of Ashen Calling {god gift}
 27597 | D:11     | Found a gate leading to a gauntlet.
 27601 | Gauntlet | Entered a Gauntlet
 27601 | Gauntlet | Found a transporter.
 27615 | Gauntlet | Found a transporter.
 27625 | Gauntlet | Found a transporter.
 27630 | Gauntlet | Found a transporter.
 27645 | Gauntlet | Found a transporter.
 27664 | Gauntlet | Found a transporter.
 27672 | Gauntlet | Found a large runed translucent door.
 27673 | Gauntlet | Found a large runed translucent door.
 27674 | Gauntlet | Found a large runed translucent door.
 27674 | Gauntlet | Found a large runed translucent door.
 27675 | Gauntlet | Found a runed translucent gate.
 27676 | Gauntlet | Found a transporter.
 27676 | Gauntlet | Found a runed translucent gate.
 27677 | Gauntlet | Found a runed translucent gate.
 27678 | Gauntlet | Found a large runed translucent door.
 27678 | Gauntlet | Found a large runed translucent door.
 27679 | Gauntlet | Found a large runed translucent door.
 27680 | Gauntlet | Found a large runed translucent door.
 27688 | Gauntlet | Found a transporter.
 27700 | Gauntlet | Found a transporter.
 27706 | Gauntlet | Found a transporter.
 27706 | Gauntlet | Found a transporter.
 27721 | Gauntlet | Found a transporter.
 27738 | Gauntlet | Found a transporter.
 27758 | Gauntlet | Found a transporter.
 27801 | Gauntlet | Found a transporter.
 27803 | Gauntlet | Found a transporter.
 27830 | Gauntlet | Noticed a fire giant
 27831 | Gauntlet | Noticed an azure jelly
 27831 | Gauntlet | a fire giant changed into an azure jelly
 27860 | Gauntlet | Noticed an eleionoma
 27862 | Gauntlet | Noticed a fire giant
 27862 | Gauntlet | an eleionoma changed into a fire giant
 27875 | Gauntlet | Noticed a shadow dragon
 27875 | Gauntlet | a fire giant changed into a shadow dragon
 27877 | Gauntlet | Found a large runed translucent door.
 27877 | Gauntlet | Found a large runed translucent door.
 27877 | Gauntlet | Found a runed translucent door.
 27877 | Gauntlet | Found a runed translucent door.
 27878 | Gauntlet | Found a large runed translucent door.
 27879 | Gauntlet | Found a large runed translucent door.
 27881 | Gauntlet | Found a transporter.
 27885 | Gauntlet | Noticed an eleionoma
 27885 | Gauntlet | a shadow dragon changed into an eleionoma
 27886 | Gauntlet | an eleionoma changed into an iron troll
 27897 | Gauntlet | Found a large runed translucent door.
 27897 | Gauntlet | Found a large runed translucent door.
 27898 | Gauntlet | Found a large runed translucent door.
 27899 | Gauntlet | Found a large runed translucent door.
 27920 | Gauntlet | Noticed a shadow dragon
 27920 | Gauntlet | Noticed a sphinx
 27920 | Gauntlet | a shadow dragon changed into a sphinx
 27926 | Gauntlet | a sphinx changed into an alligator snapping turtle
 27938 | Gauntlet | Noticed a dire elephant
 27938 | Gauntlet | an iron troll changed into a dire elephant
 28010 | Gauntlet | Gained mutation: You have acidic saliva. [Yellow Draconian
                  | growth]
 28010 | Gauntlet | Reached XP level 14. HP: 100/135 MP: 17/31
 28016 | Gauntlet | Found a transporter.
 28177 | Gauntlet | Identified the +6 mace "Ocvolawo" {spect, Int+2}
 28179 | Gauntlet | Identified the amulet "Ynakkuj" {Reflect Will++ SH+5}
 28285 | Gauntlet | Identified the +0 cloak "Nijiumn" {Regen+ Int+7 Slay+3
                  | Stlth-}
 28548 | Gauntlet | Identified the +4 hunting sling "Fekhlen" {flame, *Corrode
                  | rF+ Dex+4}
 29102 | D:11     | Identified a scroll of acquirement
 29104 | D:11     | Acquired the +3 pair of gloves "Setihum" {Int+3 Dex+3}
 29570 | D:12     | Reached skill level 15 in Ice Magic
 29804 | D:12     | Received a gift from Sif Muna
 29806 | D:12     | Got Sif Muna's Guide on Icy Flight {god gift}
 29867 | D:12     | Found the +3 giant club "Skullcrusher" {speed, Str+7}
 29968 | D:12     | Reached skill level 5 in Invocations
 30941 | D:13     | Reached skill level 16 in Fighting
 31307 | D:13     | Reached skill level 1 in Shields
 31754 | D:13     | Noticed Snorg
 31763 | D:13     | Killed Snorg
 32917 | D:14     | Reached XP level 15. HP: 145/145 MP: 20/33
 33902 | D:14     | Found a gate to the Vaults.
 34139 | D:15     | Entered Level 15 of the Dungeon
 34879 | Elf:1    | Entered Level 1 of the Elven Halls
 35003 | Elf:1    | Paralysed by an air elemental for 1 turns
 35006 | Elf:1    | Paralysed by an air elemental for 1 turns
 35379 | Elf:1    | Acquired a staff of cold
 35538 | Elf:1    | Received a gift from Sif Muna
 36294 | Elf:1    | Paralysed by an orc sorcerer for 3 turns
 36295 | Elf:1    | Reached skill level 5 in Shields
 36481 | Elf:1    | Noticed a Hell Sentinel
 36487 | Elf:1    | Reached skill level 17 in Fighting
 36875 | Elf:3    | Entered Level 3 of the Elven Halls
 36972 | Elf:2    | Identified Roxanne's Catalogue of Changing
 36972 | Elf:2    | Noticed Roxanne
 37252 | Elf:3    | Noticed a deep elf sorcerer
 37258 | Elf:3    | Killed a deep elf sorcerer
 37416 | Elf:3    | Noticed a deep elf sorcerer
 37429 | Elf:3    | Killed a deep elf sorcerer
 37430 | Elf:3    | Reached XP level 16. HP: 112/155 MP: 11/34
 37895 | Elf:3    | Received a gift from Sif Muna
 37896 | Elf:3    | Got Sif Muna's Volume of Flight and Intoxication {god gift}
 37903 | Elf:3    | Learned a level 5 spell: Freezing Cloud
 38017 | Elf:3    | Found Jiwnar's General Store.
 38025 | Elf:3    | Reached skill level 15 in Spellcasting
 38042 | Elf:3    | Bought a scroll of identify for 40 gold pieces
 38042 | Elf:3    | Bought a scroll of identify for 40 gold pieces
 38042 | Elf:3    | Bought a potion of flight for 60 gold pieces
 38042 | Elf:3    | Bought a potion of mutation for 160 gold pieces
 38042 | Elf:3    | Bought a potion of curing for 60 gold pieces
 38260 | Elf:3    | Identified the ring "Cefufeeg" {+Blink rF- Str+4 Dex+3
                  | SInv}
 38800 | Elf:3    | Identified the +8 dagger "Ynopil" {venom, +Blink Str+6}
 38800 | Elf:3    | Identified the amulet of the Gastropod {RegenMP Int+2}
 39014 | Elf:3    | Reached skill level 10 in Invocations
 39060 | Elf:3    | Noticed a deep elf master archer
 39062 | Elf:3    | Identified the ring of the Priest {Fly rC+ Str+5 Dex+2}
 39338 | Elf:3    | Noticed a deep elf master archer
 39343 | Elf:3    | Killed a deep elf master archer
 39396 | Elf:3    | Noticed a deep elf master archer
 39407 | Elf:3    | Killed a deep elf master archer
 39507 | Elf:3    | Killed a deep elf master archer
 39528 | Elf:3    | Noticed a deep elf master archer
 39536 | Elf:3    | Killed a deep elf master archer
 39701 | Elf:3    | Noticed a deep elf blademaster
 39705 | Elf:3    | Noticed a deep elf blademaster
 39705 | Elf:3    | Noticed a deep elf blademaster
 39709 | Elf:3    | Killed a deep elf blademaster
 39713 | Elf:3    | Killed a deep elf blademaster
 39714 | Elf:3    | Killed a deep elf blademaster
 39822 | Elf:3    | Noticed Mara
 39832 | Elf:3    | Killed Mara
 39833 | Elf:3    | Reached skill level 18 in Fighting
 39959 | Elf:3    | Identified the +0 cloak of Curiosity {rF+ Str-4 Stlth+}
 40319 | Snake:1  | Entered Level 1 of the Snake Pit
 40513 | Snake:1  | Noticed Aizul
 40514 | Snake:1  | Noticed Josephine
 40522 | Snake:1  | Killed Aizul
 40523 | Snake:1  | Killed Josephine
 40524 | Snake:1  | Reached XP level 17. HP: 64/163 MP: 1/36
 40526 | Snake:1  | Noticed Rupert
 40555 | Snake:1  | Noticed Jorgrun
 40837 | Snake:1  | Killed Jorgrun
 41048 | Snake:1  | Killed Rupert
 41119 | Snake:1  | Received a gift from Sif Muna
 41186 | Snake:1  | Learned a level 9 spell: Polar Vortex
 41256 | Snake:1  | Found a runed translucent door.
 41256 | Snake:1  | Found a shimmering altar of Xom.
 41257 | Snake:1  | Noticed Coylif's ghost (adept DECj)
 42997 | Snake:2  | Found a runed translucent door.
 42998 | Snake:2  | Found a shimmering altar of Xom.
 42998 | Snake:2  | Noticed Mennap's ghost (adept DjVM)
 42999 | Snake:2  | Identified the +4 scimitar of Nouteqoirof {chaos, rN+
                  | Int+4}
 43016 | Snake:2  | Received a gift from Sif Muna
 43017 | Snake:2  | Got Sif Muna's Grimoire of the Frigorific Birds {god gift}
 43026 | Snake:2  | Learned a level 7 spell: Ozocubu's Refrigeration
 43807 | Snake:3  | Found Kon Zoss's Assorted Antiques.
 43814 | Snake:3  | Bought a potion of lignification for 90 gold pieces
 43814 | Snake:3  | Bought a potion of heal wounds for 150 gold pieces
 43814 | Snake:3  | Bought a scroll of blinking for 225 gold pieces
 43814 | Snake:3  | Found Vuuts's Magic Scroll Boutique.
 43820 | Snake:3  | Bought a scroll of fear for 49 gold pieces
 43820 | Snake:3  | Bought a scroll of blinking for 105 gold pieces
 43820 | Snake:3  | Bought a scroll of identify for 28 gold pieces
 43820 | Snake:3  | Bought a scroll of magic mapping for 49 gold pieces
 43820 | Snake:3  | Bought a scroll of acquirement for 728 gold pieces
 43820 | Snake:3  | Bought a scroll of identify for 28 gold pieces
 43820 | Snake:3  | Bought a scroll of acquirement for 728 gold pieces
 43820 | Snake:3  | Bought a scroll of identify for 28 gold pieces
 43825 | Snake:3  | Acquired the ring of Equilibrium {rF+ rN+ Int+3 Dex+2
                  | Stlth-}
 43828 | Snake:3  | Acquired the amulet of Ipnec {Harm Regen+ Slay+2}
 43899 | Snake:3  | Found a transporter.
 43905 | Snake:3  | Found a transporter.
 44032 | Snake:3  | Noticed a Hell Sentinel
 44033 | Snake:3  | Noticed Yptair's ghost (adept MiFi)
 44479 | Snake:3  | Killed Yptair's ghost
 44751 | Snake:4  | Entered Level 4 of the Snake Pit
 44756 | Snake:4  | Got the Grimoire of Evil
 44804 | Snake:4  | Reached skill level 19 in Fighting
 44804 | Snake:4  | Noticed Donald
 44837 | Snake:4  | Killed Donald
 44858 | Snake:4  | Reached XP level 18. HP: 176/176 MP: 9/38
 44897 | Snake:4  | Got a serpentine rune of Zot
 45795 | Snake:4  | Found Guhet's Weapon Shoppe.
 46515 | Shoals:1 | Entered Level 1 of the Shoals
 46647 | Shoals:1 | Found Momofec's Jewellery Emporium.
 47834 | Shoals:2 | Found Ticvadaw's Self-Improvement Boutique.
 48611 | Shoals:2 | Reached skill level 20 in Fighting
 48951 | Shoals:3 | Noticed Louise
 48956 | Shoals:3 | Killed Louise
 49070 | Shoals:3 | Noticed Polyphemus
 49071 | Shoals:3 | Noticed Ilsuiw
 49076 | Shoals:3 | Reached skill level 10 in Shields
 49076 | Shoals:3 | Received a gift from Sif Muna
 49084 | Shoals:3 | HP: 4/178 [manticore/volley of spikes (9)]
 49084 | Shoals:3 | Slain by a merfolk impaler

Illustrated notes

Levels and vault maps discovered:
D:1:      minmay_arrival_loop, layout_rooms, ebering_ecumenical_altar_mist,
          chequers_serial_rivers_micro_b
D:2:      layout_loops_ring, basic_altar, kennysheep_flooded_box
D:3:      layout_loops_cross, grunt_ministairs_9, st_stairs_1
D:4:      layout_loops_ring, gammafunk_ghost_smash, serial_glass,
          glass_columns_b, glass_columns_b
D:5:      layout_loops_ring, minmay_temple_entry_glass, uniq_crazy_yiuf_cottage,
          uniq_grinder
D:6:      layout_cave_pools
D:7:      layout_basic, uniq_duvessa, uniq_prince_ribbit1
D:8:      layout_loops_corners, erik_lair_island, lemuel_flamethrower_2
D:9:      cheibrodos_wizards_tower, layout_basic,
          nicolae_tso_swordbearing_angel, orc_0_dummy, grunt_decor_one_mirror,
          uniq_maurice, uniq_harold
D:10:     layout_basic, lemuel_tele_altar
D:11:     layout_stronghold, gauntlet_entry_generic
D:12:     layout_loops_cross, minivault_16, serial_bayou_pond_a,
          amethyst_killhole, minmay_guarded_unrand_skullcrusher
D:13:     layout_gridville, lemuel_old_faithful, uniq_snorg
D:14:     layout_basic, grunt_vaults_entry_fortified, minmay_misc_feat_tiny,
          hangedman_decor_growths
D:15:     grunt_enter_depths_giant_problem, layout_long_grid,
          hangedman_abyss_or_decor_lesser_grid, serial_shops,
          nicolae_shop_temple_entry_statues_fountains
Temple:   regret_index_temple_chain_breaker
Lair:1:   layout_roguey, grunt_megastairs_4, lemuel_fruit_tree, uniq_grum
Lair:2:   layout_cave_pods, minmay_shoals_entry_lonely_mermaid,
          guppyfry_snake_entry_garden
Lair:3:   layout_cave_pods, grunt_megastairs_1, uniq_urug
Lair:4:   layout_cave_pods, infiniplex_staircase_pool_2, serial_bayou_shore_b,
          lemuel_fruit_fields
Lair:5:   layout_cave_pods, chequers_serial_rivers_micro_e
Lair:6:   hangedman_lair_in_review, layout_gridlike, slime_altar_2,
          grunt_megastairs_2
Shoals:1: layout_shoals, serial_shops, nicolae_take_the_stairs
Shoals:2: cheibrodos_shoals_epimethial_gifts, layout_shoals,
          nicolae_shop_self_help
Shoals:3: layout_shoals, nicolae_shoals_pincushion_passage, uniq_louise,
          uniq_kirke, uniq_ilsuiw, uniq_polyphemus
Snake:1:  nicolae_snake_shooting_gallery, layout_misc_corridors,
          ebering_ghost_xom, uniq_aizul, uniq_josephine, uniq_jorgrun,
          uniq_rupert
Snake:2:  layout_rooms, ebering_ghost_xom
Snake:3:  layout_chambers, gammafunk_ghost_abyssal_escape, minmay_shoptagon
Snake:4:  snake_pit, layout_cave_pods, serial_shops, shop,
          nicolae_snake_serpentine_hallways, uniq_donald
Orc:1:    layout_caves, nicolae_orc_lava_room
Orc:2:    st_orc_mages, layout_caves, amcnicky_altar_lugonu_corruption
Elf:1:    layout_loops_corners, hangedman_corner_corridor, nicolae_elf_m_pinch,
          hangedman_glass_teeth, solitary_fountain
Elf:2:    elven_hall_of_blades_hangedman_original
          [nicolae_blade_entry_floor_patterns], layout_geoelf_octagon,
          serial_shops, shop, minmay_strange_pillars,
          nicolae_elf_shapeshifter_party, uniq_roxanne
Elf:3:    minmay_elf_hall_statues, layout_geoelf_octagon, serial_shops,
          shop_coins, uniq_mara

Skill      XL: |  1  2  3  4  5  6  7  8  9 10 11 12 13 14 15 16 17 18 |
---------------+-------------------------------------------------------+-----
Fighting       | 1 2 3 4 5 7 9 10 12 13 15 16 17 18 19 20 | 20.0
Spellcasting   | 3 4 5 6 7 9 10 12 13 14 15 16 17 | 17.3
Ice Magic      | 5 6 8 9 10 12 13 14 15 16 17 18 | 18.9
Invocations    | 2 6 8 10 | 10.9
Shields        | 2 6 8 10 | 10.1
Dodging        | |  1.7
Stealth        | |  1.7

Action                   |  1- 3 |  4- 6 |  7- 9 | 10-12 | 13-15 | 16-18 || total
-------------------------+-------+-------+-------+-------+-------+-------++-------
Melee: Unarmed           |    22 |       |       |       |       |       ||    22
       Dagger            |   149 |   158 |   201 |   264 |   563 |       ||  1335
       Tailslap          |    19 |    22 |    26 |    27 |    75 |     2 ||   171
       Bite              |       |       |       |       |    45 |     3 ||    48
       Staff             |       |       |       |       |     6 |    25 ||    31
 Cast: Freeze            |    26 |     3 |    50 |   111 |   130 |    91 ||   411
       Frozen Ramparts   |       |     3 |    22 |    38 |   121 |    40 ||   224
       Ozocubu's Armour  |       |     3 |     9 |    20 |    58 |    42 ||   132
       Hailstorm         |       |       |     5 |    44 |   226 |   180 ||   455
       Freezing Cloud    |       |       |       |       |       |     2 ||     2
       Ozocubu's Refrige |       |       |       |       |       |   169 ||   169
Invok: Channel Magic     |       |       |       |     1 |     7 |    11 ||    19
 Abil: Breathe Acid      |       |       |    11 |     9 |    41 |    17 ||    78
Evoke: Wand              |       |       |    11 |    10 |    31 |     3 ||    55
       Box of beasts     |       |       |       |       |     1 |     1 ||     2
       Lightning rod     |       |       |       |       |     4 |    11 ||    15
       Tin of tremorston |       |       |       |       |       |     2 ||     2
  Use: Scroll            |       |       |       |    14 |    13 |    17 ||    44
       Potion            |       |       |       |     3 |       |     2 ||     5
 Stab: Sleeping          |     4 |     6 |     3 |     2 |     1 |       ||    16
       Petrified         |       |       |       |       |     1 |       ||     1
       Paralysed         |       |       |       |       |     3 |       ||     3
Armor: Skin              |    50 |    55 |   149 |   218 |   523 |   161 ||  1156
Dodge: Dodged            |   115 |    97 |   190 |   376 |   793 |   167 ||  1738
Block: Buckler           |       |       |       |       |     9 |    90 ||    99

Table legend: (Time is in decaauts)
 A = Elapsed time spent in this place.
 B = Non-inter-level travel time spent in this place.
 C = Inter-level travel time spent in this place.
 D = Time resting spent in this place.
 E = Time spent auto-exploring this place.
 F = Levels seen in this place.
 G = Mean time per level.
                   A        B        C        D        E       F      G
               +--------+--------+--------+--------+--------+-----+--------+
         Total |  49182 |  47459 |   1723 |  12107 |  27966 |  36 | 1366.2 |
       Dungeon |  19501 |  18765 |    736 |   3534 |  12176 |  15 | 1300.1 |
        Temple |    291 |    263 |     28 |      0 |    242 |   1 |  291.0 |
          Lair |  11404 |  10995 |    409 |   2623 |   7182 |   6 | 1900.7 |
        Shoals |   2575 |   2536 |     39 |    394 |   1733 |   3 |  858.3 |
     Snake Pit |   6190 |   5964 |    226 |   1897 |   3096 |   4 | 1547.5 |
  Orcish Mines |   2790 |   2600 |    190 |   1002 |   1189 |   2 | 1395.0 |
   Elven Halls |   5314 |   5222 |     92 |   2324 |   1990 |   3 | 1771.3 |
         Abyss |    125 |    125 |      0 |      0 |      0 |   1 |  125.0 |
      Gauntlet |    988 |    988 |      0 |    333 |    358 |   1 |  988.0 |
               +--------+--------+--------+--------+--------+-----+--------+

Top non-repeatable levels by time:
   Elf:3: 3253 daAuts
  Lair:6: 2939 daAuts
     D:8: 2189 daAuts
     D:9: 2070 daAuts
   Elf:1: 2044 daAuts
    D:14: 2008 daAuts
  Lair:5: 1916 daAuts
 Snake:2: 1850 daAuts
   Orc:2: 1838 daAuts
  Lair:2: 1753 daAuts
  Lair:3: 1743 daAuts
  Lair:1: 1697 daAuts
 Snake:4: 1555 daAuts
Shoals:2: 1471 daAuts
     D:5: 1429 daAuts
